 Dungeon Crawl Stone Soup version 0.29-a0-340-g6efceafd81 (webtiles) character file.

Game seed: 3952239324853799177

1600 zeratav the Cutter (level 8, -7/44 HPs)
             Began as a Vine Stalker Fighter on Apr 20, 2022.
             Was a Priest of Uskayaw.
             Killed from afar by an electric eel (8 damage)
             ... with a bolt of electricity
             ... on level 6 of the Dungeon.
             The game lasted 00:11:26 (5063 turns).

zeratav the Cutter (Vine Stalker Fighter)           Turns: 5063, Time: 00:11:27

Health: -7/44      AC: 13    Str: 25    XL:     8   Next: 94%
Magic:  0/9        EV:  9    Int:  8    God:    Uskayaw [***...]
Gold:   204        SH: 10    Dex: 16    Spells: 7/7 levels left

rFire   . . .      SeeInvis +   a - +0 rapier {short}
rCold   . . .      Faith    .   c - +0 buckler
rNeg    . . .      Spirit   +   b - +0 scale mail
rPois   .          Reflect  +   C - +2 helmet
rElec   .          Harm     .   B - +2 cloak
rCorr   .          Rampage  .   (no gloves)
Will    +....                   (no boots)
Stlth   ..........              N - amulet of reflection
HPRegen 0.94/turn               z - +6 ring of strength
MPRegen 0.11/turn               D - ring of see invisible

@: no status effects
A: fangs 3, regeneration 1, magic shield, antimagic bite, no potion heal 2
a: Renounce Religion, Stomp, Line Pass


You were on level 6 of the Dungeon.
You worshipped Uskayaw.
Uskayaw was noncommittal.
You visited 2 branches of the dungeon, and saw 6 of its levels.
You also visited: Sewer.

You collected 204 gold pieces.


Innate Abilities, Weirdness & Mutations

You have razor-sharp teeth.
Your natural rate of healing is unusually fast.
When hurt, damage is shared between your health and your magic reserves.
Your bite disrupts and absorbs the magic of your enemies.
Potions cannot restore your health.


   Skills:
 + Level 5.4 Fighting
 * Level 7.0 Short Blades
 + Level 4.9 Armour
 - Level 4.0 Shields


You had 7 spell levels left.
You didn't know any spells.
Your spell library contained the following spells:

 Spells                   Type           Power      Damage    Failure   Level
 Dazzling Flash           Conj/Hex       0%         N/A       98%         3
 Ignite Poison            Fire/Tmut/Pois 0%         N/A       98%         3
 Mephitic Cloud           Conj/Pois/Air  0%         N/A       98%         3
 Iskenderun's Mystic Bla  Conj/Tloc      0%         2d3       100%        4
 Freezing Cloud           Conj/Ice/Air   0%         6-21      100%        5
 Starburst                Conj/Fire      0%         6d3       100%        6
 Chain Lightning          Conj/Air       0%         N/A       100%        9
 Fire Storm               Conj/Fire      0%         5d1       100%        9
 Shatter                  Erth           0%         3d5*      100%        9

Inventory:

Hand Weapons
 a - a +0 rapier (weapon) {short}
 f - a +1 short sword of protection {short}
   (You took it off a kobold on level 1 of the Dungeon)
 p - a +0 short sword of speed {short}
   (You took it off a kobold in a sewer)
 r - a +1 dagger of venom {short}
   (You took it off a kobold brigand in a sewer)
 y - a +4 trident {polearm}
   (You found it on level 4 of the Dungeon)
 F - the +7 mace "Cailiung" {flame, rF+ Will+ Str+3 SInv, mace}
   (You found it on level 5 of the Dungeon)

   It burns those it strikes, dealing additional fire damage.
   Str:       It affects your strength (+3).
   rF:        It protects you from fire.
   SInv:      It lets you see invisible.
   Will:      It increases your willpower.
Armour
 b - a +0 scale mail (worn)
 c - a +0 buckler (worn)
 w - a +0 robe
   (You took it off Dowan on level 5 of the Dungeon)
 x - a +0 leather armour
   (You took it off Duvessa on level 5 of the Dungeon)
 B - a +2 cloak (worn)
   (You found it on level 5 of the Dungeon)
 C - a +2 helmet (worn)
   (You found it on level 4 of the Dungeon)
 I - a +0 robe
   (You took it off an orc wizard on level 5 of the Dungeon)
 J - a +0 leather armour
   (You took it off an orc on level 5 of the Dungeon)
 K - a +0 leather armour
   (You took it off an orc on level 5 of the Dungeon)
 R - a +0 ring mail
   (You found it on level 6 of the Dungeon)
Jewellery
 z - a +6 ring of strength (left hand)
   (You found it on level 5 of the Dungeon)
 D - a ring of see invisible (right hand)
   (You found it on level 5 of the Dungeon)
 E - a +6 ring of intelligence
   (You found it on level 5 of the Dungeon)
 N - an amulet of reflection (around neck)
   (You found it on level 6 of the Dungeon)
 Q - an amulet of magic regeneration {@e2}
   (You found it on level 6 of the Dungeon)
Wands
 m - a wand of paralysis (9)
   (You found it on level 2 of the Dungeon)
 q - a wand of flame (10)
   (You took it off Eustachio on level 4 of the Dungeon)
Scrolls
 g - a scroll of identify {unknown}
 h - a scroll of blinking {unknown}
 i - a scroll of enchant weapon {unknown}
 k - 2 scrolls of teleportation {unknown}
 o - a scroll of vulnerability {unknown}
 s - a scroll of summoning {unknown}
 u - a scroll of fog {unknown}
 G - a scroll of brand weapon {unknown}
 H - a scroll of noise {unknown}
 L - a scroll of torment {unknown}
Potions
 d - a potion of might
 e - 3 potions of mutation {unknown}
 j - 2 potions of degeneration {unknown}
 l - 3 potions of heal wounds {@q2}
 n - a potion of attraction {unknown}
 t - a potion of magic {unknown}
 v - 3 potions of resistance {unknown}
 A - 2 potions of ambrosia {unknown}
 M - a potion of invisibility {unknown}
 O - a potion of lignification {unknown}
 P - a potion of berserk rage {unknown}

Dungeon Overview and Level Annotations

Branches:
Dungeon (6/15)             Temple (1/1) D:6           Sewer (visited)

Altars:
Ashenzari
Cheibriados
Elyvilon
Fedhas
Gozag
Hepliaklqana
Kikubaaqudgha
Makhleb
Nemelex Xobeh
Okawaru
Qazlal
Ru
Sif Muna
Trog
Uskayaw
Vehumet
Wu Jian
Xom
Yredelemnul
Zin
The Shining One

Annotations:
D:5 1 runed translucent door, Crazy Yiuf
D:6 Edmund

...##.........
..###.........
...###.....###
........##.# ..##...##
...
#####...#######+#######
.####...#≈≈≈≈≈≈.S≈≈≈≈≈#
.......##≈≈≈≈.....≈≈≈≈#
....#..##≈≈≈...@@..≈≈≈#
.##.....#≈≈....#....≈≈#
.####...#≈...##.##...≈#
.## ###.#≈...#...#...≈#
..#####.'...#†?#).#...+
........#≈...#...#...≈#
.######.#≈...##.##...≈#
## #.#≈≈....#.. .≈≈# #
#.#≈≈≈.[..... ≈≈#


You could see Edmund and an electric eel.


Message History

You destroy the necrophage!
Your Short Blades skill increases to level 7!
Aiming: Line Pass
Press: ? - help, Dir - move target
Okay, then.
A jelly comes into view.
The jelly quivers.
The electric eel shoots out a bolt of lightning at you!
The bolt of electricity misses you.
You see here a necrophage corpse.
Edmund the Younger comes into view.
He is wielding a +1 flail of pain and wearing a +0 scale mail of cold resistance.
Edmund shouts!
You puncture the jelly!
Your hands burn!
You bite the jelly!
You kill the jelly!
Uskayaw will force your foes to helplessly watch your dance.
Uskayaw prepares the audience for your solo!
You now have 44 max hp (+1).
Aiming: Line Pass
Press: ? - help, Dir - move target, f - Edmund
Aim: Edmund, wielding a +1 flail of pain and wearing a +0 scale mail of cold resistance (paralysed)
Okay, then.
Edmund is no longer paralysed.
The electric eel is no longer paralysed.
HP[+1]
Your hp is fully restored (44).
Aiming: Line Pass
Press: ? - help, Dir - move target Edmund appears confused.
The electric eel appears confused.
Uskayaw will no longer force your foes to helplessly watch your dance.
Edmund gestures wildly.
You block Edmund's attack.
MP[-4]
You lost 4 mp, and now have 5/9 mp.
You hit Edmund but do no damage. Your bite misses Edmund.
Edmund seems less confused.
The electric eel seems less confused.
Edmund barely misses you.
The electric eel shoots out a bolt of lightning at you!
The bolt of electricity hits you! x2
HP[-19] MP[-2]
You take 19 damage, and now have 25/44 hp.
MASSIVE DAMAGE!! (PAUSE)
You lost 2 mp, and now have 3/9 mp.
You barely miss Edmund.
The electric eel shoots out a bolt of lightning at you!
The bolt of electricity hits you.
* * * LOW HITPOINT WARNING * * *
The bolt of electricity misses you. You block Edmund's attack.
HP[-4] MP[-1]
You take 4 damage, and now have 21/44 hp.
You lost 1 mp, and now have 2/9 mp.
You hit Edmund but do no damage. You bite Edmund. You drain his power.
You feel invigorated. Edmund closely misses you.
HP[+1] MP[+6]
You regained 6 mp, and now have 8/9 mp.
You hit Edmund but do no damage. You bite Edmund! You drain his power.
You feel invigorated. Edmund closely misses you.
HP[+1] MP[+1]
Your mp is fully restored (9).
You hit Edmund. Edmund hits you but does no damage.
HP[+1]
You puncture Edmund! You block Edmund's attack.
You hit Edmund.
Uskayaw will force your foes to helplessly watch your dance.
HP[+1]
You closely miss Edmund. You bite Edmund. You drain his power.
Edmund hits you with a +1 flail of pain.
HP[-2]
You take 2 damage, and now have 23/44 hp.
You hit Edmund. Your bite misses Edmund. You block Edmund's attack.
The electric eel shoots out a bolt of lightning at you!
The bolt of electricity hits you!
* * * LOW HITPOINT WARNING * * *
The bolt of electricity hits you.
* * * LOW HITPOINT WARNING * * *
HP[-12] MP[-3]
You take 12 damage, and now have 11/44 hp.
MASSIVE DAMAGE!! (PAUSE)
You lost 3 mp, and now have 6/9 mp.
You hit Edmund but do no damage. Your bite misses Edmund.
Edmund hits you but does no damage.
HP[+1]
You hit Edmund. Your bite misses Edmund. You block Edmund's attack.
The electric eel shoots out a bolt of lightning at you!
The bolt of electricity hits you.
* * * LOW HITPOINT WARNING * * *
The bolt of electricity hits you!
* * * LOW HITPOINT WARNING * * *
HP[-10] MP[-5]
You take 10 damage, and now have 2/44 hp.
MASSIVE DAMAGE!! (PAUSE)
You lost 5 mp, and now have 1/9 mp.
Okay, then.
You hit Edmund but do no damage.
The electric eel shoots out a bolt of lightning at you!
The bolt of electricity hits you.
* * * LOW HITPOINT WARNING * * *
The bolt of electricity hits you!
You die...

Skill      XL: |  1  2  3  4  5  6  7  8 |
---------------+-------------------------+-----
Short Blades   | 2 3 4 5 7 |  7.0
Shields        | 3 4 |  4.0
Fighting       | 3 4 5 |  5.4
Armour         | 3 4 |  4.9

Action                   |  1- 3 |  4- 6 |  7- 9 || total
-------------------------+-------+-------+-------++-------
Melee: Rapier            |   102 |   143 |   347 ||   592
       Bite              |    22 |    50 |    96 ||   168
Invok: Line Pass         |       |       |     2 ||     2
Evoke: Wand              |       |     1 |       ||     1
 Stab: Paralysed         |       |     2 |       ||     2
Armor: Scale mail        |    37 |    56 |   111 ||   204
Dodge: Dodged            |    35 |    55 |   107 ||   197
Block: Buckler           |    15 |    34 |    84 ||   133

Levels and vault maps discovered:
D:1:      saegor_arrival_simple_e, layout_loops_ring
D:2:      layout_loops_ring, nicolae_ecumenical_snake_handling,
          serial_bayou_pond_d
D:4:      layout_cave_pods, lightli_sewer_entry_pipes, uniq_blork_the_orc,
          uniq_eustachio, uniq_grinder, uniq_pargi
D:5:      layout_basic, uniq_crazy_yiuf_cottage, uniq_duvessa
D:6:      wander_river, layout_cave_pools, minmay_temple_entry_butterflies,
          kennysheep_generic_room_2, uniq_edmund
Temple:   mainiacjoe_temple_starburst

Notes
Turn   | Place    | Note
-------+----------+-------------------------------------------
     0 | D:1      | zeratav the Vine Stalker Fighter began the quest for the
                  | Orb.
     0 | D:1      | Reached XP level 1. HP: 11/11 MP: 2/2
     0 | D:1      | magus.rc [v1.9.6]
    14 | D:1      | You pick up a book of Annihilations and begin reading...
    14 | D:1      | You add the spells Chain Lightning, Fire Storm and Shatter
                  | to your library.
   108 | D:1      | Reached skill level 2 in Short Blades
   118 | D:1      | Reached XP level 2. HP: 8/16 MP: 1/3
   663 | D:1      | Reached XP level 3. HP: 16/19 MP: 2/4
  1025 | D:1      | Reached skill level 3 in Shields
  1314 | D:2      | Reached skill level 3 in Fighting
  1597 | D:2      | Gained mutation: Your natural rate of healing is unusually
                  | fast. [Vine Stalker growth]
  1597 | D:2      | Reached XP level 4. HP: 24/24 MP: 5/5
  1619 | D:2      | Found a faded altar of an unknown god.
  1621 | D:2      | You fall into a shaft and drop 2 floors!
  1632 | D:4      | Reached skill level 3 in Short Blades
  1650 | D:4      | Reached XP level 5. HP: 28/28 MP: 6/6
  1654 | D:4      | Reached skill level 3 in Armour
  1660 | D:4      | Noticed Grinder
  1672 | D:4      | Paralysed by Grinder for 5 turns
  1701 | D:4      | HP: 6/28 [Grinder (5)]
  1704 | D:4      | Killed Grinder
  1705 | D:4      | Reached skill level 4 in Short Blades
  1705 | D:4      | Reached XP level 6. HP: 8/33 MP: 1/7
  1779 | D:4      | Noticed Eustachio
  1888 | D:4      | Killed Eustachio
  1889 | D:4      | Reached XP level 7. HP: 37/37 MP: 4/8
  1933 | D:4      | Reached skill level 4 in Shields
  1971 | D:4      | Found a glowing drain.
  1976 | Sewer    | Entered a sewer
  1999 | Sewer    | Reached skill level 4 in Fighting
  2197 | Sewer    | Reached skill level 5 in Short Blades
  2773 | D:4      | Noticed Pargi
  2788 | D:4      | Killed Pargi
  2789 | D:4      | Reached skill level 4 in Armour
  2789 | D:4      | Gained mutation: You have razor-sharp teeth. [Vine Stalker
                  | growth]
  2789 | D:4      | Reached XP level 8. HP: 38/42 MP: 7/9
  2860 | D:4      | Noticed Blork the orc
  2881 | D:4      | Killed Blork the orc
  3127 | D:4      | You add the spells Ignite Poison, Mephitic Cloud and
                  | Freezing Cloud to your library.
  3500 | D:5      | Entered Level 5 of the Dungeon
  3507 | D:5      | Reached skill level 6 in Short Blades
  3517 | D:5      | You pick up a book of Spectacle and begin reading...
  3517 | D:5      | You add the spells Dazzling Flash, Iskenderun's Mystic
                  | Blast and Starburst to your library.
  3636 | D:5      | Noticed Duvessa
  3636 | D:5      | Noticed Dowan
  3656 | D:5      | Killed Duvessa
  3660 | D:5      | Killed Dowan
  3661 | D:5      | Reached skill level 5 in Fighting
  3802 | D:5      | Identified the +7 mace "Cailiung" {flame, rF+ Will+ Str+3
                  | SInv}
  3980 | D:5      | Found a runed translucent door.
  3981 | D:5      | Noticed Crazy Yiuf
  4189 | D:6      | Found a staircase to the Ecumenical Temple.
  4195 | Temple   | Entered the Ecumenical Temple
  4769 | Temple   | Became a worshipper of Uskayaw the Reveller
  4839 | D:6      | Reached * piety under Uskayaw
  4864 | D:6      | Reached ** piety under Uskayaw
  5046 | D:6      | Reached skill level 7 in Short Blades
  5047 | D:6      | Noticed Edmund
  5048 | D:6      | Reached *** piety under Uskayaw
  5060 | D:6      | HP: 11/44 [electric eel/bolt of electricity (2)]
  5062 | D:6      | HP: 2/44 [electric eel/bolt of electricity (7)]
  5063 | D:6      | Killed from afar by an electric eel

Vanquished Creatures
  Grinder (D:4)
  Eustachio (D:4)
  Duvessa (D:5)
  An ogre (D:6)
  Pargi (D:4)
  2 kobold brigands (Sewer)
  Blork the orc (D:4)
  A necrophage (D:6)
  A scorpion (D:6)
  Dowan (D:5)
  A howler monkey (D:4)
  A hound (D:4)
  3 jellies
  An orc priest (D:4)
  3 iguanas
  3 orc wizards
  9 adders
  8 river rats
  A white imp (D:6)
  An ufetubus (D:5)
  3 worms (D:4)
  3 dart slugs
  8 orcs
  10 endoplasms
  A giant cockroach (D:1)
  4 goblins
  8 hobgoblins
  12 jackals
  12 kobolds
  4 quokkas
  8 ball pythons
  5 bats
  4 frilled lizards
  4 rats
128 creatures vanquished.

Vanquished Creatures (others)
  4 plants (Sewer)
4 creatures vanquished.

Grand Total: 132 creatures vanquished

Table legend:
 A = Non-vault XP
 B = Vault XP
 C = Vault XP percentage of total XP
 D = Non-vault monster count
 E = Vault monster count
 F = Vault count percentage of total count
                 A         B        C        D         E       F
            +---------+---------+-------+---------+---------+-------
      Total |     858 |    1429 |  62.5 |      83 |      45 |  35.2
            +---------+---------+-------+---------+---------+-------
        D:1 |      51 |       0 |   0.0 |      27 |       0 |   0.0
        D:2 |      47 |       3 |   6.0 |      13 |       2 |  13.3
        D:4 |     270 |     740 |  73.3 |      28 |      13 |  31.7
        D:5 |     175 |     223 |  56.0 |       9 |       2 |  18.2
        D:6 |     315 |     127 |  28.7 |       6 |       2 |  25.0
      Sewer |       0 |     336 | 100.0 |       0 |      26 | 100.0
            +---------+---------+-------+---------+---------+-------

Illustrated notes

Table legend:
 A = Kills in this place as a percentage of kills in entire the game.
 B = Kills by you in this place as a percentage of kills by you in the entire game.
 C = Kills by friends in this place as a percentage of kills by friends in the entire game.
 D = Other kills in this place as a percentage of other kills in the entire game.
 E = Experience gained in this place as a percentage of experience gained in the entire game.
 F = Experience gained in this place divided by the number of levels of this place that you have seen.
                   A       B       C       D       E      F
               +-------+-------+-------+-------+-------+----------------------
         Total | 100.0 | 100.0 |   N/A |   N/A | 100.0 | 326.7
       Dungeon |  79.7 |  79.7 |   N/A |   N/A |  85.3 | 390.2
         Sewer |  20.3 |  20.3 |   N/A |   N/A |  14.7 | 336.0
               +-------+-------+-------+-------+-------+----------------------

Table legend: (Time is in decaauts)
 A = Elapsed time spent in this place.
 B = Non-inter-level travel time spent in this place.
 C = Inter-level travel time spent in this place.
 D = Time resting spent in this place.
 E = Time spent auto-exploring this place.
 F = Levels seen in this place.
 G = Mean time per level.
                   A        B        C        D        E       F      G
               +--------+--------+--------+--------+--------+-----+--------+
         Total |   5257 |   5074 |    183 |    128 |   3788 |   7 |  751.0 |
       Dungeon |   3770 |   3684 |     86 |    128 |   2659 |   5 |  754.0 |
        Temple |    627 |    531 |     96 |      0 |    523 |   1 |  627.0 |
         Sewer |    858 |    858 |      0 |      0 |    606 |   1 |  858.0 |
               +--------+--------+--------+--------+--------+-----+--------+

Top non-repeatable levels by time:
     D:1: 1294 daAuts
     D:4: 1224 daAuts
   Sewer: 858 daAuts
     D:5: 666 daAuts
  Temple: 627 daAuts
     D:2: 339 daAuts
     D:6: 245 daAuts
